 Dungeon Crawl Stone Soup version 0.14.2 (webtiles) character file.

1 Amnesiac the Charlatan (level 1, 0/9 HPs)
             Began as a Spriggan Artificer on Feb 10, 2018.
             Slain by a jackal (2 damage)
             ... on Level 1 of the Dungeon.
             The game lasted 00:00:15 (39 turns).

Amnesiac the Charlatan (Spriggan Artificer)           Turns: 39, Time: 00:00:15

HP   0/9         AC  2     Str  7      XL: 1   Next: 16%
MP   2/2         EV 18     Int 13      God:
Gold 0           SH  0     Dex 16      Spells:  0 memorised,  0 levels left

rFire  . . .     SeeInvis +     a - +0 short sword
rCold  . . .     Clarity  .     e - +0 robe
rNeg   . . .     Conserve .     (shield restricted)
rPois  .         rCorr    .     (helmet restricted)
rElec  .         rRot     .     (no cloak)
SustAb . .       Spirit   .     (gloves unavailable)
rMut   .         Warding  .     (boots unavailable)
Saprov . . .     Stasis   .     (no amulet)
MR     .....                    (no ring)
                                (no ring)

@: very quick, not resistant to hostile enchantments, fairly stealthy
A: unfitting armour, see invisible, herbivore 3, speed 3, slow metabolism 2
a: no special abilities


You were on level 1 of the Dungeon.
You were not hungry.

You visited 1 branch of the dungeon, and saw 1 of its levels.

Inventory:

Hand weapons
 a - a +0,+0 short sword (weapon)
Armour
 e - a +0 robe (worn)
Magical devices
 b - a wand of flame (15)
 c - a wand of enslavement (15)
 d - a wand of random effects (15)
Scrolls
 g - a scroll of enchant weapon I {!r, unknown}
 h - a scroll of blinking {!r, unknown}
Potions
 f - a potion of porridge {!q}


   Skills:
 - Level 0.7 Fighting
 - Level 1.1 Short Blades
 + Level 3.2 Dodging
 - Level 1.5 Stealth
 - Level 4.0 Evocations


You couldn't memorise any spells.
You didn't know any spells.

Dungeon Overview and Level Annotations

Branches:
Dungeon (1/15)

Altars:


Innate Abilities, Weirdness & Mutations

You are tiny and cannot use many weapons and most armour.
You have supernaturally acute eyesight.
You are a herbivore.
You cover ground extremely quickly.
You need consume almost no food.


Message History

h - a scroll labeled NAOFFA MYTA {!r} A bat comes into view. 2 jackals come into view.
The jackal barks!
A jackal comes into view.
The jackal barks!
The bat hits you but does no damage.
You hit the bat.
The bat is moderately wounded.
The bat misses you.
You hit the bat.
The bat is almost dead.
The bat barely misses you. The bat misses you. The bat hits you.
The bat closely misses you.
Found 13 gold pieces.
The bat misses you. x2
A hobgoblin comes into view. It is wielding a club.
The bat closely misses you.
The hobgoblin shouts!
The bat barely misses you.
You closely miss the bat.
The bat is severely wounded.
The bat closely misses you. x2
The bat misses you. The hobgoblin barely misses you.
You hit the hobgoblin but do no damage. The bat misses you.
The hobgoblin barely misses you.
You hit the hobgoblin.
The hobgoblin is moderately wounded.
The hobgoblin completely misses you. The jackal completely misses you.
You hit the hobgoblin.
The hobgoblin is heavily wounded.
The jackal closely misses you.
You hit the hobgoblin but do no damage.
The hobgoblin is heavily wounded.
The jackal barely misses you. The hobgoblin closely misses you.
The jackal closely misses you.
You hit the hobgoblin.
You kill the hobgoblin!
The jackal bites you.
Things that are here:
a club; a hobgoblin corpse You miss the jackal.
The jackal barks!
The jackal closely misses you.
You barely miss the jackal. The jackal barely misses you.
The jackal barely misses you.
You closely miss the jackal. The jackal bites you.
You hit the jackal.
The jackal is severely wounded.
The jackal closely misses you. x2
You hit the jackal.
The jackal is almost dead.
The jackal bites you.
* * * LOW HITPOINT WARNING * * *
You barely miss the jackal.
The jackal is almost dead.
The jackal bites you.
* * * LOW HITPOINT WARNING * * *
You are too injured to fight recklessly!
You barely miss the jackal.
The jackal is almost dead.
The jackal barely misses you. The jackal bites you.
You die...

. #.# ....# .$.#
.... ..# ..#
######.## #..@hhh.#
#.####..# #+# # #..#
#.#
####..#######.####
#.#...h......#......
#................##
#........###......#.
#..#................
#.###....#...##'##..


You could see 3 jackals.

Vanquished Creatures
  A hobgoblin (D:1)
1 creature vanquished.

Notes
Turn   | Place    | Note
--------------------------------------------------------------
     0 | D:1      | Amnesiac, the Spriggan Artificer, began the quest for the Orb.
     0 | D:1      | Reached XP level 1. HP: 9/9 MP: 2/2
    39 | D:1      | Slain by a jackal

Action                   || total
-------------------------++-------
Melee: Short sword       ||    15
